 Seeded DCSS version 0.29.1-2-gbd0b4ee654 (webtiles) character file.

Game seed: 3311 (custom seed)

16517 Ashen the Destroyer (level 12, -1/85 HPs)
             Began as a Demonspawn Fire Elementalist on Oct 28, 2022.
             Was a High Priest of Vehumet.
             Slain by a fire bat (7 damage)
             ... summoned by an orange crystal statue
             ... in a Gauntlet.
             The game lasted 00:46:38 (16286 turns).

Ashen the Destroyer (Demonspawn Fire Elementalist) Turns: 16286, Time: 00:46:39

Health: -1/85      AC:  7    Str:  9    XL:     12   Next: 10%
Magic:  24/24      EV: 16    Int: 24    God:    Vehumet [*****.]
Gold:   592        SH:  0    Dex: 15    Spells: 5/27 levels left

rFire   . . .      SeeInvis .   e - +0 short sword (venom)
rCold   . . .      Faith    .   (no shield)
rNeg    . . .      Spirit   .   h - +0 troll leather armour
rPois   +          Reflect  .   a - +0 helmet
rElec   .          Harm     .   n - +1 cloak {rPois}
rCorr   .          Rampage  .   (no gloves)
Will    .....      NoTele   +   (no boots)
Stlth   +++.......              G - amulet of magic regeneration
HPRegen 1.04/turn               H - ring of poison resistance
MPRegen 0.59/turn               (no ring)

@: confused, mighty, ambrosia-drunk
A: powered by death 1, powered by pain 2, augmentation 1, sturdy frame 2,
weakness stinger 2, claws 1, talons 1, thin skeletal structure 1, clever 1
a: Renounce Religion


You were in a Gauntlet.
You worshipped Vehumet.
Vehumet was extremely pleased with you.
You visited 3 branches of the dungeon, and saw 15 of its levels.
You also visited: Gauntlet.

You collected 592 gold pieces.

Inventory:

Hand Weapons
 e - a +0 short sword of venom (weapon)
Missiles
 s - 3 throwing nets
Armour
 a - a +0 helmet (worn)
 h - a +0 troll leather armour (worn)
 n - a +1 cloak of poison resistance (worn)
 E - a +0 buckler
Magical Staves
 K - a staff of earth
Jewellery
 l - an amulet of reflection
 D - the ring "Yvyskuan" {rC+ rN+ Dex+4}
   (You found it in a Gauntlet)

   [ring of positive energy]

   Dex:       It affects your dexterity (+4).
   rC:        It protects you from cold.
   rN:        It protects you from negative energy.
 G - an amulet of magic regeneration (around neck)
 H - a ring of poison resistance (left claw)
Wands
 y - a wand of polymorph (9)
 B - a wand of light (1)
 F - a wand of flame (7)
 J - a wand of paralysis (3)
Scrolls
 c - 6 scrolls of teleportation
 i - 2 scrolls of noise
 k - a scroll of enchant armour {unknown}
 m - a scroll of fear
 o - a scroll of poison
 q - 2 scrolls of immolation
 t - 2 scrolls of amnesia
 u - a scroll of vulnerability
 C - a scroll of enchant weapon
Potions
 b - 2 potions of magic
 d - 2 potions of might
 f - a potion of attraction
 g - 2 potions of resistance
 p - 6 potions of curing
 r - 5 potions of flight
 v - 3 potions of brilliance
 x - 3 potions of mutation
 z - 2 potions of berserk rage
 A - a potion of haste
 I - 2 potions of lignification


   Skills:
 + Level 4.8 Fighting
 + Level 8.5 Dodging
 - Level 7.7 Stealth
 + Level 8.4 Spellcasting
 + Level 9.1 Conjurations
 + Level 8.8 Fire Magic


You had 5 spell levels left.
You knew the following spells:

 Your Spells              Type           Power      Damage    Failure   Level
a - Foxfire               Conj/Fire      100%       2x1d9     1%          1
b - Scorch                Fire           100%       2d10      1%          2
c - Flame Wave            Conj/Fire      52%        2d13      1%          4
d - Blink                 Tloc           20%        N/A       10%         2
e - Sublimation of Blood  Necr           10%        N/A       10%         2
g - Freezing Cloud        Conj/Ice/Air   12%        6-21      13%         5
h - Starburst             Conj/Fire      26%        6d8       7%          6

Your spell library contained the following spells:

 Spells                   Type           Power      Damage    Failure   Level
 Conjure Flame            Conj/Fire      52%        6-21      1%          3
 Ignite Poison            Fire/Tmut/Pois 24%        N/A       1%          3
 Inner Flame              Hex/Fire       31%        N/A       1%          3
 Frozen Ramparts          Ice            20%        1d4       5%          3
 Irradiate                Conj/Tmut      16%        3d17      7%          5
 Confusing Touch          Hex            10%        N/A       19%         3
 Gell's Gravitas          Tloc           10%        N/A       19%         3
 Lesser Beckoning         Tloc           10%        N/A       19%         3
 Teleport Other           Tloc           10%        N/A       19%         3
 Yara's Violent Unravell  Hex/Tmut       5%         3d4       38%         5
 Anguish                  Hex/Necr       5%         N/A       52%         4
 Ice Form                 Ice/Tmut       10%        N/A       52%         4
 Petrify                  Tmut/Erth      10%        N/A       52%         4
 Summon Ice Beast         Ice/Summ       10%        N/A       52%         4
 Summon Lightning Spire   Summ/Air       10%        N/A       52%         4
 Alistair's Intoxication  Tmut/Pois      6%         N/A       86%         5
 Borgnjor's Vile Clutch   Necr/Erth      5%         N/A       86%         5
 Manifold Assault         Tloc           10%        N/A       86%         5
 Summon Mana Viper        Hex/Summ       10%        N/A       86%         5
 Eringya's Noxious Bog    Tmut/Pois      5%         N/A       90%         6
 Dispersal                Tloc           5%         N/A       100%        6
 Enfeeble                 Hex            5%         N/A       100%        7
 Monstrous Menagerie      Summ           5%         N/A       100%        7
 Storm Form               Tmut/Air       5%         N/A       100%        7
 Maxwell's Capacitive Co  Air            5%         ∞         100%        8


Dungeon Overview and Level Annotations

Branches:
Dungeon (12/15)            Temple (0/1) D:6            Lair (2/5) D:10
  Snake (0/4) Lair:2          Orc (1/2) D:11        Gauntlet (1/1)
  Swamp: Lair:2-3    Shoals: Lair:2-3

Altars:
Dithmenos
Fedhas
Gozag
Qazlal
Ru
Sif Muna
Trog
Vehumet
Wu Jian
Xom

Shops:
D:10 (

Annotations:
Gauntlet 11 transporters, 2 runed translucent doors, exclusion: 2 orange crystal statues


Innate Abilities, Weirdness & Mutations

You regenerate a little health from kills.
You sometimes gain power by taking damage.
Your magical and physical power is slightly enhanced at high health.
Your movements are less encumbered by armour. (ER -4)
You have a tail ending in a sharp stinger.
You have sharp fingernails.
You have sharp toenails.
You have a somewhat thin skeletal structure. (Dex +2, Stealth+)
Your mind is acute. (Int +4, Str/Dex -1)


Message History

The fire bat closely misses you.
The orange crystal statue fixes its piercing gaze on you.
Something tries to feed on your intellect!
The fire bat enters a dispersal trap!
The fire bat blinks! x3; You blink.
The fire bat blinks!
The fire bat bites you but does no damage.
Really walk into that dispersal trap?
You enter a dispersal trap!
The fire bat blinks! x7; You blink.
The fire bat bites you.
* * * LOW HITPOINT WARNING * * *
You are engulfed in flames.
* * * LOW HITPOINT WARNING * * *
The fire bat enters a dispersal trap!
The fire bat blinks! x2
The fire bat bites you but does no damage.
The fire bat enters a dispersal trap!
The fire bat blinks! x2; You blink.
The fire bat blinks!
The fire bat closely misses you.
You are confused.
You feel invigorated. The fire bat closely misses you.
The fire bat bites you but does no damage.
The fire bat misses you. The fire bat misses you.
The fire bat barely misses you.
You miss the fire bat. You claw the fire bat!
Your tail-slap misses the fire bat.
The fire bat is heavily wounded.
The fire bat barely misses you. The fire bat bites you.
* * * LOW HITPOINT WARNING * * *
You are engulfed in flames!
* * * LOW HITPOINT WARNING * * *
The fire bat bites you.
* * * LOW HITPOINT WARNING * * *
You are engulfed in flames.
* * * LOW HITPOINT WARNING * * *
The fire bat bites you but does no damage.
The fire bat closely misses you.
You bump into the translucent stone wall.
The fire bat bites you.
* * * LOW HITPOINT WARNING * * *
You are engulfed in flames!
You die...

..Z..#...#....2..#...≈#
^....#...#########...##
######...............≈#
.......8.....8.....8.##
8....................§##
........###########..§§#
#####...#.....#.bb#...##
z..z#...#.§##.b#bb#.∩.≈#
##.z#####..#^.##@b#...##
z.#z#...#..##..#..#...≈#
zz#z#©.©#©8#.©##..#©8.##
#z#z#...#.b##..#..#...≈#
#.#z#####..#..##..#...##
#^.z#...#.^##..#..#.∩.≈#
#####...#.....#...#...##
........###########...≈#
8.....................##


You could see an orange crystal statue and 7 fire bats.

Vanquished Creatures
  2 hydras (Lair:2)
  A cyclops (D:11)
  Joseph (D:8)
  A black mamba (Lair:2)
  A torpor snail (Lair:2)
  2 cane toads (Lair:1)
  A rime drake (Lair:2)
  3 komodo dragons
  4 trolls
  A polar bear (Lair:2)
  3 slime creatures (D:11)
  Prince Ribbit (D:9)
  14 yaks
  A shadow (D:11)
  A wraith (D:9)
  2 steam dragons
  4 wyverns
  2 vampire mosquitoes (D:11)
  A warg (D:11)
  Duvessa (D:5)
  5 water moccasins
  4 orc warriors
  A sky beast (D:7)
  2 ice beasts (D:5)
  3 ogres
  4 centaurs
  6 wolves (Lair:1)
  3 phantoms
  A kobold brigand (D:8)
  2 gnoll sergeants
  6 bullfrogs
  A necrophage (D:5)
  A scorpion (D:7)
  5 wights
  Dowan (D:5)
  49 killer bees
  7 howler monkeys
  4 hounds
  3 gnoll boudas
  A jelly (D:4)
  9 orc priests
  Crazy Yiuf (D:2)
  2 iguanas
  10 orc wizards
  3 adders
  20 gnolls
  3 shadow imps
  3 worms
  3 dart slugs
  43 orcs
  10 endoplasms
  4 giant cockroaches
  9 hobgoblins
  4 jackals
  2 quokkas
  8 ball pythons
  4 bats
  2 frilled lizards
  3 goblins
  A goblin skeleton (D:6)
  A goblin zombie (D:6)
  3 hobgoblin zombies (D:6)
  8 kobolds
  3 kobold skeletons (D:6)
  A kobold zombie (D:6)
  An orc skeleton (D:6)
  5 rats
322 creatures vanquished.

Vanquished Creatures (others)
  914 foxfires
  2 fungi (Lair:2)
  5 plants
921 creatures vanquished.

Grand Total: 1243 creatures vanquished

Notes
Turn   | Place    | Note
-------+----------+-------------------------------------------
     0 | D:1      | Ashen the Demonspawn Fire Elementalist began the quest for
                  | the Orb.
     0 | D:1      | Reached XP level 1. HP: 13/13 MP: 3/3
     9 | D:1      | Gained mutation: You have hidden genetic potential. [potion
                  | of mutation]
     9 | D:1      | Gained mutation: You have a somewhat thin skeletal
                  | structure. (Dex +2, Stealth+) [potion of mutation]
     9 | D:1      | Gained mutation: You have sharp toenails. [potion of
                  | mutation]
   198 | D:1      | Gained mutation: Your movements are slightly less
                  | encumbered by armour. (ER -2) [demonic ancestry]
   198 | D:1      | Reached XP level 2. HP: 19/19 MP: 0/5
   205 | D:1      | Gained mutation: You have sharp fingernails. [hidden
                  | potential]
  1347 | D:2      | Gained mutation: Your movements are less encumbered by
                  | armour. (ER -4) [demonic ancestry]
  1347 | D:2      | Reached XP level 3. HP: 24/24 MP: 6/6
  1361 | D:1      | Gained mutation: Your mind is acute. (Int +4, Str/Dex -1)
                  | [hidden potential]
  1361 | D:1      | Lost mutation: You have hidden genetic potential. [hidden
                  | potential expressed]
  2240 | D:2      | Found a runed translucent door.
  2244 | D:2      | Learned a level 2 spell: Scorch
  2254 | D:2      | Noticed Crazy Yiuf
  2279 | D:2      | Found a faded altar of an unknown god.
  2651 | D:2      | Killed Crazy Yiuf
  2652 | D:2      | Reached skill level 2 in Conjurations
  2652 | D:2      | Reached XP level 4. HP: 16/30 MP: 7/7
  3166 | D:3      | Reached XP level 5. HP: 35/35 MP: 0/9
  3577 | D:3      | Found a radiant altar of Vehumet.
  3585 | D:3      | Became a worshipper of Vehumet
  3803 | D:3      | Found a shimmering blue altar of Sif Muna.
  4850 | D:4      | Gained mutation: You sometimes gain a little power by
                  | taking damage. [demonic ancestry]
  4850 | D:4      | Reached XP level 6. HP: 41/41 MP: 10/10
  4969 | D:4      | Reached skill level 3 in Conjurations
  5794 | D:5      | Entered Level 5 of the Dungeon
  5794 | D:5      | Found a bloodstained altar of Trog.
  5796 | D:5      | Found an ornate altar of the Wu Jian Council.
  5861 | D:5      | Reached XP level 7. HP: 42/46 MP: 4/12
  6017 | D:5      | Found a blossoming altar of Fedhas.
  6027 | D:5      | Found a shadowy altar of Dithmenos.
  6027 | D:5      | Found an opulent altar of Gozag.
  6083 | D:5      | Reached * piety under Vehumet
  6083 | D:5      | Offered knowledge of Magic Dart by Vehumet.
  6652 | D:5      | Noticed Duvessa
  6673 | D:5      | Killed Duvessa
  6674 | D:5      | Reached skill level 4 in Conjurations
  6876 | D:5      | Gained mutation: You have a small tail. [demonic ancestry]
  6876 | D:5      | Reached XP level 8. HP: 52/52 MP: 9/14
  6991 | D:5      | Found a blossoming altar of Fedhas.
  7150 | D:5      | Found a bloodstained altar of Trog.
  7177 | D:5      | Found an ornate altar of the Wu Jian Council.
  7260 | D:5      | Found a shadowy altar of Dithmenos.
  7261 | D:5      | Found an opulent altar of Gozag.
  7310 | D:5      | Noticed Dowan
  7315 | D:5      | Killed Dowan
  7731 | D:6      | Found a staircase to the Ecumenical Temple.
  7951 | D:6      | Reached skill level 5 in Fire Magic
  8370 | D:6      | Reached skill level 5 in Stealth
  9200 | D:7      | Found a sacrificial altar of Ru.
  9226 | D:7      | Reached skill level 5 in Conjurations
  9292 | D:7      | Reached skill level 5 in Spellcasting
  9416 | D:7      | Reached skill level 5 in Dodging
  9452 | D:6      | Gained mutation: You have a tail ending in a sharp stinger.
                  | [demonic ancestry]
  9452 | D:6      | Reached XP level 9. HP: 39/57 MP: 7/16
  9557 | D:7      | Learned a level 4 spell: Flame Wave
  9560 | D:7      | Learned a level 2 spell: Blink
  9563 | D:7      | Learned a level 2 spell: Sublimation of Blood
  9652 | D:7      | Offered knowledge of Searing Ray by Vehumet.
  9949 | D:7      | Reached ** piety under Vehumet
 10273 | D:8      | Noticed Joseph
 10549 | D:8      | Found a stormy altar of Qazlal.
 10674 | D:8      | Noticed Maurice
 10682 | D:8      | Noticed Maurice
 10682 | D:8      | Maurice changed into Maurice the wind drake
 10684 | D:8      | Noticed Maurice
 10684 | D:8      | Maurice the wind drake changed into Maurice the steam
                  | dragon
 10692 | D:8      | Killed Maurice the steam dragon
 11008 | D:8      | Killed Joseph
 11009 | D:8      | Reached skill level 6 in Conjurations
 11840 | D:9      | Offered knowledge of Mephitic Cloud by Vehumet.
 11907 | D:9      | Gained mutation: You sometimes gain power by taking damage.
                  | [demonic ancestry]
 11907 | D:9      | Reached XP level 10. HP: 35/63 MP: 12/19
 12213 | D:9      | Identified the +7 scimitar "Tinkik" {antimagic, Dex+2}
 12242 | D:9      | Noticed Prince Ribbit
 12245 | D:9      | Killed Prince Ribbit
 12425 | D:9      | Reached *** piety under Vehumet
 12434 | D:9      | Reached skill level 7 in Conjurations
 12773 | D:10     | Entered Level 10 of the Dungeon
 12827 | D:10     | Found a shimmering altar of Xom.
 12984 | D:10     | Found Xoori's Weapon Shop.
 12998 | D:10     | Offered knowledge of Ignite Poison by Vehumet.
 13010 | D:10     | Learned a level 3 spell: Ignite Poison
 13075 | D:10     | Found a transporter.
 13346 | D:10     | Found a staircase to the Lair.
 13597 | D:10     | Noticed a gargoyle
 13776 | D:11     | Reached skill level 1 in Fighting
 13851 | D:11     | Noticed a cyclops
 13862 | D:11     | Killed a cyclops
 13863 | D:11     | Gained mutation: You regenerate a little health from kills.
                  | [demonic ancestry]
 13863 | D:11     | Reached XP level 11. HP: 70/70 MP: 16/21
 14134 | D:11     | Found a staircase to the Orcish Mines.
 14145 | D:11     | Reached **** piety under Vehumet
 14467 | Orc:1    | Entered Level 1 of the Orcish Mines
 14472 | Orc:1    | Noticed an ettin
 14473 | Orc:1    | Offered knowledge of Iskenderun's Battlesphere by Vehumet.
 14513 | Lair:1   | Entered Level 1 of the Lair of Beasts
 14530 | Lair:1   | Reached skill level 8 in Conjurations
 14860 | Lair:1   | Reached ***** piety under Vehumet
 14996 | Lair:1   | Offered knowledge of Freezing Cloud by Vehumet.
 15003 | Lair:1   | Learned a level 5 spell: Freezing Cloud
 15007 | Lair:1   | Got the Meditations on Hexing and Bolts
 15015 | Lair:1   | Learned a level 6 spell: Starburst
 15508 | Lair:2   | Identified the +2 robe of Raclid {Harm Str-5 Int+6 Dex+4}
 15674 | Lair:2   | Found a staircase to the Snake Pit.
 15704 | Lair:2   | Noticed a six-headed hydra
 15711 | Lair:2   | Killed a six-headed hydra
 15822 | Lair:2   | Noticed a seven-headed hydra
 15827 | Lair:2   | Killed a seven-headed hydra
 15828 | Lair:2   | Reached skill level 9 in Conjurations
 15828 | Lair:2   | Gained mutation: Your magical and physical power is
                  | slightly enhanced at high health. [demonic ancestry]
 15828 | Lair:2   | Reached XP level 12. HP: 84/84 MP: 19/24
 15874 | Lair:2   | Found a gate leading to a gauntlet.
 15905 | Gauntlet | Entered a Gauntlet
 15905 | Gauntlet | Found a transporter.
 15923 | Gauntlet | Found a transporter.
 15930 | Gauntlet | Noticed a green death
 15939 | Gauntlet | Found a transporter.
 15943 | Gauntlet | Found a transporter.
 15945 | Gauntlet | Noticed a death scarab
 15951 | Gauntlet | Noticed a death scarab
 15953 | Gauntlet | Found a transporter.
 15978 | Gauntlet | Found a transporter.
 15982 | Gauntlet | Found a transporter.
 15995 | Gauntlet | Found a transporter.
 16005 | Gauntlet | Found a transporter.
 16014 | Gauntlet | Noticed a reaper
 16024 | Gauntlet | Found a transporter.
 16026 | Gauntlet | Found a transporter.
 16030 | Gauntlet | Found a runed translucent door.
 16030 | Gauntlet | Found a runed translucent door.
 16034 | Gauntlet | Found a transporter.
 16142 | Gauntlet | Noticed a catoblepas
 16253 | Gauntlet | Identified the ring "Yvyskuan" {rC+ rN+ Dex+4}
 16255 | Gauntlet | Noticed a tengu warrior
 16286 | Gauntlet | Slain by a fire bat

Illustrated notes

Levels and vault maps discovered:
D:1:      amcnicky_arrival_flooded_fountain, layout_loops_corners
D:2:      layout_basic, shapermc_ecumenical_altar_petra,
          nicolae_figureground_sparkle, uniq_crazy_yiuf_cottage
D:3:      layout_basic, nicolae_sif_muna_little_library,
          mainiacjoe_overflow_paths, serial_co_window_serial,
          co_window_of_opportunity_a, co_window_corner_a, co_window_paths_a,
          co_window_of_opportunity_a, co_window_of_opportunity_a,
          co_window_cross_3, co_window_unsneaky_path_c, co_window_corner_b,
          co_window_cross_4, co_window_unsneaky_path_c,
          co_window_of_opportunity_c, co_window_paths_d, glass_columns_a,
          glass_columns_a, glass_columns_a, glass_columns_c, glass_columns_b
D:4:      layout_layer_cave
D:5:      dreamdust_elfheim, layout_loops_cross, grunt_temple_overflow_open,
          mainiacjoe_overflow_brackets, gammafunk_temple_overflow_wave
D:6:      layout_layer_cave, nicolae_tso_besieged_by_evil,
          minmay_temple_entry_waves
D:7:      layout_loops_ring, kennysheep_mini, mainiacjoe_overflow_chevrons
D:8:      layout_gridville, mainiacjoe_overflow_small_starburst, uniq_joseph,
          uniq_maurice
D:9:      layout_big_octagon, nicolae_kite_square_tiling_tiny,
          serial_bayou_pond_e, uniq_prince_ribbit1
D:10:     layout_rooms, mainiacjoe_overflow_concentric_impassable,
          lair_entry_dummy, serial_shops, nicolae_shop_waterfront,
          grunt_ministairs_10, nicolae_diode_basic
D:11:     layout_gridville, david_orc_3
D:12:     layout_roguey, nicolae_twisting_strands
Lair:1:   wad_woods_minihive, layout_hall_layers
Lair:2:   layout_regular_city, guppyfry_snake_entry_garden,
          gauntlet_entry_generic, minivault_25, kennysheep_snail_temple,
          grunt_megastairs_5, serial_bayou_shore_b
Orc:1:    layout_caves, uniq_fannar
Gauntlet: minmay_gauntlet_mixed_oops_all_seconds
          [minmay_gauntlet_arena_77_shame_cube, gammafunk_gauntlet_arena_teeth,
          minmay_gauntlet_arena_77_museum, gammafunk_gauntlet_arena_split_x,
          minmay_gauntlet_arena_77_radiant_squares,
          gammafunk_gauntlet_arena_open, gauntlet_exit_green]

Skill      XL: |  1  2  3  4  5  6  7  8  9 10 11 |
---------------+----------------------------------+-----
Stealth        | 2 3 4 5 6 7 |  7.7
Dodging        | 2 3 4 5 6 7 8 |  8.5
Fire Magic     | 3 4 5 6 7 8 |  8.8
Conjurations   | 2 3 4 5 6 7 9 |  9.1
Spellcasting   | 3 4 5 6 7 8 |  8.4
Fighting       | 1 4 |  4.8

Action                   |  1- 3 |  4- 6 |  7- 9 | 10-12 || total
-------------------------+-------+-------+-------+-------++-------
Melee: Unarmed           |     9 |       |       |       ||     9
       Kick              |    14 |    11 |    33 |    30 ||    88
       Short sword       |    36 |    33 |    94 |    84 ||   247
       Punch             |       |       |     2 |     1 ||     3
       Tailslap          |       |       |    12 |    12 ||    24
 Cast: Foxfire           |    43 |    89 |   202 |   177 ||   511
       Scorch            |       |     1 |    36 |    41 ||    78
       Blink             |       |       |     5 |     6 ||    11
       Flame Wave        |       |       |     2 |    28 ||    30
       Ignite Poison     |       |       |       |     2 ||     2
       Starburst         |       |       |       |    15 ||    15
Evoke: Wand              |       |       |     4 |       ||     4
  Use: Potion            |     1 |       |     2 |     2 ||     5
       Scroll            |       |       |       |    18 ||    18
 Stab: Sleeping          |     8 |     5 |     3 |     4 ||    20
Armor: Robe              |     5 |       |       |       ||     5
       Leather armour    |       |     9 |    46 |     3 ||    58
       Troll leather arm |       |       |       |    62 ||    62
Dodge: Dodged            |    33 |    23 |   141 |   239 ||   436
